 Dungeon Crawl Stone Soup version 0.29-a0-320-g9f87420 (webtiles) character file.

Game seed: 2777399053374267276

17 Toastz the Skirmisher (level 2, 25/25 HPs)
             Began as a Palentonga Fighter on Apr 2, 2022.
             Was a Follower of Dithmenos.
             Quit the game on level 1 of the Dungeon.
             The game lasted 00:03:20 (438 turns).

Toastz the Skirmisher (Palentonga Fighter)           Turns: 438, Time: 00:03:21

Health: 25/25      AC:  6    Str: 19    XL:     2   Next: 44%
Magic:  2/2        EV:  7    Int:  8    God:    Dithmenos [*.....]
Gold:   10         SH:  4    Dex:  9    Spells: 1/1 levels left

rFire   . . .      SeeInvis +   a - +0 flail
rCold   . . .      Faith    .   c - +0 buckler
rNeg    . . .      Spirit   .   b - +0 scale mail
rPois   .          Reflect  .   (no helmet)
rElec   .          Harm     .   (no cloak)
rCorr   .          Rampage  .   (no gloves)
Will    .....                   (no barding)
Stlth   ..........              (no amulet)
HPRegen 0.08/turn               (no ring)
MPRegen 0.08/turn               (no ring)

@: wreathed by umbra
A: large, rugged brown scales 3, see invisible, deformed body, roll 1, armoured
tail
a: Rolling Charge, Renounce Religion


You were on level 1 of the Dungeon.
You worshipped Dithmenos.
Dithmenos was aware of your devotion.
You visited 1 branch of the dungeon, and saw 1 of its levels.

You collected 10 gold pieces.

Inventory:

Hand Weapons
 a - a +0 flail (weapon)
Missiles
 f - 20 stones (quivered)
Armour
 b - a +0 scale mail (worn)
 c - a +0 buckler (worn)
Scrolls
 h - a scroll of teleportation {unknown}
 j - a scroll of enchant weapon {unknown}
Potions
 d - a potion of might
 e - a potion of haste {unknown}
 g - a potion of mutation {unknown}
 i - 2 potions of attraction {unknown}


   Skills:
 + Level 3.4 Fighting
 + Level 2.6 Maces & Flails
 - Level 2.4 Armour
 - Level 2.4 Shields


You had one spell level left.
You didn't know any spells.
Your spell library was empty.

Dungeon Overview and Level Annotations

Branches:
Dungeon (1/15)

Altars:
Dithmenos


Innate Abilities, Weirdness & Mutations

You are completely covered in rugged brown scales. (AC +3, +7% HP)
You have supernaturally acute eyesight. (SInv)
Armour fits poorly on your strangely shaped body.
You can roll at nearby foes to attack.
You have a long armoured tail.


Message History

A kobold comes into view. It is wielding a +0 dagger.
Roll where?
Press: ? - help, Dir - move target, f - ball python
Aim: a ball python You roll forward with a clatter of scales!
Found 3 gold pieces.
Found a faded altar of an unknown god.
Found a stone staircase leading down.
You barely miss the ball python.
The kobold shouts!
The kobold throws a stone.
The stone hits you but does no damage. You block the ball python's attack.
You hit the ball python.
You kill the ball python!
Found 2 gold pieces.
You block the kobold's attack.
You hit the kobold.
You kill the kobold!
An endoplasm comes into view.
You enter the shallow water.
Moving in this stuff is going to be slow.
You see here a gold piece.
There's nothing you can charge at!
Unknown command.
Roll where?
Press: ? - help, Dir - move target, f - endoplasm
Aim: an endoplasm You roll forward with a clatter of scales!
You thump the endoplasm!
You kill the endoplasm!
You enter the shallow water.
Moving in this stuff is going to be slow.
You now have 9 gold pieces (gained 1).
You now have 10 gold pieces (gained 1).
There is a faded altar of an unknown god here.
You cannot tell which god this altar belongs to.
Convert to them anyway?
Okay, then.
You cannot tell which god this altar belongs to.
Convert to them anyway?
Dithmenos accepts your prayer! Dithmenos welcomes you!
You are shrouded in an aura of darkness!
Okay, then.
Are you sure you want to abandon this character and quit the game? (Confirm with "yes".)

######### #### ###........
...# #.......# ...#
#.$$≈...# ...# #.$@≈...#
...####### #.≈≈≈...#
.........# #.......# #
.........# #.......##...
.........# ###..........
.........# #..).......
###......#######..........
.........'.............>..
##.......#####............


There were no monsters in sight!

Vanquished Creatures
  2 bats (D:1)
  2 endoplasms (D:1)
  A giant cockroach (D:1)
  A goblin (D:1)
  A hobgoblin (D:1)
  3 ball pythons (D:1)
  A frilled lizard (D:1)
  2 kobolds (D:1)
  3 rats (D:1)
16 creatures vanquished.

Notes
Turn   | Place    | Note
-------+----------+-------------------------------------------
     0 | D:1      | Toastz the Palentonga Fighter began the quest for the Orb.
     0 | D:1      | Reached XP level 1. HP: 19/19 MP: 1/1
   131 | D:1      | Reached XP level 2. HP: 14/25 MP: 2/2
   420 | D:1      | Found a faded altar of an unknown god.
   437 | D:1      | Prayed at the altar of an unknown god.
   437 | D:1      | Became a worshipper of Dithmenos the Shadowed
   437 | D:1      | Reached * piety under Dithmenos
   438 | D:1      | Quit the game

Illustrated notes

Levels and vault maps discovered:
D:1:      dpeg_arrival_prison, layout_basic,
          hellmonk_ecumenical_altar_pennies_from_heaven

Action                   || total
-------------------------++-------
Melee: Flail             ||    35
       Tailslap          ||     1
 Abil: Rolling Charge    ||    11
Armor: Scale mail        ||    25
Dodge: Dodged            ||    13
Block: Buckler           ||    13

Table legend: (Time is in decaauts)
 A = Elapsed time spent in this place.
 B = Non-inter-level travel time spent in this place.
 C = Inter-level travel time spent in this place.
 D = Time resting spent in this place.
 E = Time spent auto-exploring this place.
 F = Levels seen in this place.
 G = Mean time per level.
                   A        B        C        D        E       F      G
               +--------+--------+--------+--------+--------+-----+--------+
         Total |    450 |    438 |     12 |      0 |    335 |   1 |  450.0 |
       Dungeon |    450 |    438 |     12 |      0 |    335 |   1 |  450.0 |
               +--------+--------+--------+--------+--------+-----+--------+

Top non-repeatable levels by time:
     D:1: 450 daAuts
